 Dungeon Crawl Stone Soup version 0.22-a0-392-g5dc3fd9af9 (webtiles) character file.

7 Manul the Skirmisher (level 2, 0/21 HPs)
             Began as an Octopode Monk on May 2, 2018.
             Slain by a hobgoblin
             ... wielding a +0 club
              (5 damage)
             ... on level 1 of the Dungeon.
             The game lasted 00:00:08 (63 turns).

Manul the Skirmisher (Octopode Monk)                  Turns: 63, Time: 00:00:08

Health: 0/21       AC:  1    Str: 10    XL:     2   Next: 4%
Magic:  2/2        EV: 14    Int: 12    God:
Gold:   21         SH:  0    Dex: 14    Spells: 1/1 levels left

rFire    . . .     SeeInvis .   a - +0 falchion
rCold    . . .     Gourm    .   (no shield)
rNeg     . . .     Faith    .   (helmet restricted)
rPois    .         Spirit   .   (no amulet)
rElec    .         Reflect  .   (no ring)
rCorr    .         Harm     .   (no ring)
MR       .....                  (no ring)
Stlth    +++.......             (no ring)
HPRegen  0.07/turn              (no ring)
MPRegen  0.08/turn              (no ring)
                                (no ring)
                                (no ring)

@: no status effects
A: almost no armour, stealthy swim, amphibious, 8 rings, constrict 8, camouflage
1, gelatinous body 1
a: no special abilities


You were on level 1 of the Dungeon.
You were not hungry.

You visited 1 branch of the dungeon, and saw 1 of its levels.

You collected 21 gold pieces.

Inventory:

Hand Weapons
 a - a +0 falchion (weapon)
Comestibles
 b - a ration


   Skills:
 + Level 3.2 Fighting
 + Level 3.1 Long Blades
 + Level 3.1 Dodging
 + Level 2.7 Stealth


You had one spell level left.
You didn't know any spells.

Dungeon Overview and Level Annotations

Branches:
Dungeon (1/15)

Altars:


Innate Abilities, Weirdness & Mutations

You cannot wear most types of armour.
You are very stealthy in the water. (Stealth+)
You are amphibious.
You can wear up to eight rings at the same time.
You can use your tentacles to constrict eight enemies at once.
Your skin changes colour to match your surroundings (Stealth+).
Your rubbery body absorbs attacks. (AC +1, EV +1)


Message History

You hit the bat.
You kill the bat!
The leopard gecko closely misses you.
You hit the leopard gecko but do no damage.
Your grab misses the leopard gecko.
The leopard gecko is severely wounded.
The leopard gecko misses you.
You miss the leopard gecko. Your grab misses the leopard gecko.
The leopard gecko is severely wounded.
The leopard gecko closely misses you. The leopard gecko barely misses you.
You barely miss the leopard gecko. You grab the leopard gecko.
The leopard gecko is severely wounded.
You constrict the leopard gecko. The leopard gecko misses you.
You riposte.
You hit the leopard gecko.
You kill the leopard gecko!
The goblin barely misses you.
You riposte.
You hit the goblin.
You kill the goblin!
You have reached level 2!
The hobgoblin hits you with a club.
You die...

....................
########....##.#....
# #....##.#!..# #
#....##.#... ####
#....##.#... ...##
#....##.#..## ##..#
#....##.#†..#
###'#######.##.##..#
.......##.......@).#
.8.8.8.#.......##g.#
.......#..##..###..#
.8.<.8.+.. ##.# #..#
.......#.# #.. #.!#
.8.8.8.#. ##.##..#
.......#. .##..#
###+#### ..#..#
#.#..#


You could see a hobgoblin.

Vanquished Creatures
  2 leopard geckos (D:1)
  A giant cockroach (D:1)
  A goblin (D:1)
  A bat (D:1)
5 creatures vanquished.

Notes
Turn   | Place    | Note
-------+----------+-------------------------------------------
     0 | D:1      | Manul the Octopode Monk began the quest for the Orb.
     0 | D:1      | Reached XP level 1. HP: 16/16 MP: 1/1
    63 | D:1      | Reached XP level 2. HP: 5/21 MP: 2/2
    63 | D:1      | Slain by a hobgoblin

Vault maps used:
D:1:      doesnt_arrival_eight_statues

Action                   || total
-------------------------++-------
Melee: Falchion          ||    10
       Constrict         ||     4
       Tentacles         ||     1
 Stab: Sleeping          ||     1
Armor: Skin              ||     1
Dodge: Dodged            ||    12
       Rpst.: Falchion   ||     3

Table legend:
 A = Spawn XP
 B = Non-spawn XP
 C = Spawn XP percentage of total XP
 D = Spawn monster count
 E = Non-spawn monster count
 F = Spawn count percentage of total count
 G = Total turns spent on level
                    A         B        C        D         E        F      G
               +---------+---------+-------+---------+---------+-------+---------
         Total |       0 |      11 |   0.0 |       0 |       5 |   0.0 |    63
               +---------+---------+-------+---------+---------+-------+---------
           D:1 |       0 |      11 |   0.0 |       0 |       5 |   0.0 |    63
               +---------+---------+-------+---------+---------+-------+---------
